 Dungeon Crawl Stone Soup version 0.29-a0-857-g9b1aa3ac5b (webtiles) character file.

Game seed: 1087446559679611463

4744 quixfox the Cleaver (level 10, -14/91 HPs)
             Began as a Hill Orc Fighter on July 17, 2022.
             Was an Initiate of the Shining One.
             Demolished by an orc warlord
             ... wielding a +2 broad axe
              (26 damage)
             ... in a bailey.
             The game lasted 00:14:47 (7159 turns).

quixfox the Cleaver (Hill Orc Fighter)              Turns: 7159, Time: 00:14:47

Health: -14/91     AC: 19    Str: 24    XL:     10   Next: 46%
Magic:  12/12      EV:  6    Int:  8    God:    the Shining One [......]
Gold:   139        SH:  9    Dex: 14    Spells: 9/9 levels left

rFire   . . .      SeeInvis +   y - +7 war axe of Caneir {freeze, rC+ Dex+6 SInv}
rCold   + . .      Faith    .   c - +0 buckler
rNeg    . . .      Spirit   .   a - +0 plate armour
rPois   .          Reflect  .   z - +1 helmet
rElec   .          Harm     .   t - +1 cloak
rCorr   .          Rampage  .   (no gloves)
Will    +....                   (no boots)
Stlth   ..........              C - amulet of the acrobat
HPRegen 0.25/turn               s - ring of willpower
MPRegen 0.13/turn               e - ring of see invisible

@: mighty, glowing
A: hooves 1, large bone plates 1, clumsy 1, low MP 1, shaggy fur 1
a: Renounce Religion


You were in a bailey.
You worshipped the Shining One.
The Shining One was noncommittal.
You visited 2 branches of the dungeon, and saw 9 of its levels.
You also visited: Bailey.

You collected 352 gold pieces.
You spent 213 gold pieces at shops.

Inventory:

Hand Weapons
 y - the +7 war axe of Caneir (weapon) {freeze, rC+ Dex+6 SInv}
   (You found it on level 5 of the Dungeon)

   It freezes those it strikes, dealing additional cold damage.
   It can also slow down cold-blooded creatures.
   Dex:       It affects your dexterity (+6).
   rC:        It protects you from cold.
   SInv:      It lets you see invisible.
Armour
 a - a +0 plate armour (worn)
 c - a +0 buckler (worn)
 t - a +1 cloak (worn)
 z - a +1 helmet (worn)
Jewellery
 e - a ring of see invisible (right hand)
 s - a ring of willpower (left hand)
 C - an amulet of the acrobat (around neck)
Wands
 x - a wand of flame (32)
Scrolls
 g - 5 scrolls of teleportation
 h - a scroll of summoning
 m - 2 scrolls of magic mapping {unknown}
 q - a scroll of enchant weapon
 w - a scroll of fear
 B - a scroll of fog
 E - 2 scrolls of enchant armour
Potions
 b - a potion of experience {unknown}
 d - a potion of might
 f - 2 potions of curing
 i - a potion of berserk rage
 j - a potion of invisibility {unknown}
 k - a potion of lignification {unknown}
 l - 2 potions of degeneration {unknown}
 n - 4 potions of flight
 o - a potion of attraction {unknown}
 r - 4 potions of magic
 A - 3 potions of cancellation
 F - 2 potions of brilliance {unknown}


   Skills:
 + Level 9.4 Fighting
 * Level 13.4 Axes
 + Level 8.6 Armour
 - Level 3.2 Shields
 + Level 5.2 Invocations


You had 9 spell levels left.
You didn't know any spells.
Your spell library contained the following spells:

 Spells                   Type           Power      Damage    Failure   Level
 Magic Dart               Conj           0%         1d3       100%        1
 Call Imp                 Summ           0%         N/A       100%        2
 Sublimation of Blood     Necr           0%         N/A       100%        2
 Mephitic Cloud           Conj/Pois/Air  0%         N/A       100%        3
 Tukima's Dance           Hex            0%         N/A       100%        3
 Passage of Golubria      Tloc           0%         N/A       100%        4
 Petrify                  Tmut/Erth      0%         N/A       100%        4
 Irradiate                Conj/Tmut      0%         3d11      100%        5
 Yara's Violent Unravell  Hex/Tmut       0%         3d3       100%        5


Dungeon Overview and Level Annotations

Branches:
Dungeon (8/15)             Temple (1/1) D:7          Bailey (1/1)
   Lair: D:8-11

Altars:
Ashenzari
Cheibriados
Dithmenos
Elyvilon
Fedhas
Gozag
Hepliaklqana
Kikubaaqudgha
Makhleb
Qazlal
Ru
Sif Muna
Trog
Uskayaw
Vehumet
Wu Jian
Xom
Yredelemnul
Zin
The Shining One

Shops:
D:3 [   D:5 =   D:6 !


Innate Abilities, Weirdness & Mutations

You have large cloven feet.
You are partially covered in large bone plates. (SH +4)
You are clumsy. (Dex -2)
Your magical capacity is low. (-10% MP)
You are covered in fur. (AC +1)


Message History

The orc warlord is lightly wounded.
You slash the orc warlord! You freeze the orc warlord!
The orc warlord is moderately wounded.
The orc warlord roars a battlecry!
The orc goes into a battle-frenzy!
You slash the orc warlord! You freeze the orc warlord.
You kick the orc warlord.
The orc warlord is heavily wounded.
You slash the gnoll! You freeze the gnoll.
You kill the gnoll!
The orc warlord hits you with a +2 broad axe!!
You slash the orc warlord! You freeze the orc warlord.
The orc warlord is severely wounded.
You slash the gnoll! You freeze the gnoll.
You kill the gnoll!
The orc warlord completely misses you.
You barely miss the orc warlord.
You kick the orc warlord, but do no damage.
The orc warlord is severely wounded.
The orc warlord hits you with a +2 broad axe!!
* * * LOW HITPOINT WARNING * * *
You feel much better. The orc hits you but does no damage.
The orc warlord hits you but does no damage.
You slash the orc warlord! You freeze the orc warlord.
You kick the orc warlord.
The orc warlord is severely wounded.
You slash the goblin! You freeze the goblin.
You kill the goblin!
You slice the orc!! You freeze the orc.
You kill the orc!
You block the orc warlord's attack.
You hit the orc warlord. You freeze the orc warlord.
You kick the orc warlord, but do no damage.
The orc warlord is severely wounded.
The orc warlord hits you with a +2 broad axe!!
* * * LOW HITPOINT WARNING * * *
Unknown command.
You feel better. You block the goblin's attack.
The orc warlord hits you with a +2 broad axe!!
You die...

##.......## #.........#
##.........##
#######.....⌠.....# ##
##.....##.o.......##....
#.......'....gg...).....
##......)##g......##.....
#......gog#.oo....# .....
##.......@.##88.88## ....
#.....⌠.....###o### ..⌠.
##.........###.g.# ..g
#.........#...g.g.
##.......##o......
#.......# ##)[)..##
##)#### ####+ ##.))..##
##....


You could see an orc warlord (strong), a gnoll and a goblin.

Vanquished Creatures
  Pikel (D:7)
  2 orc knights (Bailey)
  2 wyverns (D:8)
  A steam dragon (D:7)
  9 orc warriors
  A black bear (D:5)
  3 ogres
  A centaur (D:7)
  4 lemures (D:7)
  2 phantoms
  A kobold brigand (D:5)
  2 scorpions
  4 bullfrogs
  A necrophage (D:7)
  7 killer bees
  An electric eel (D:6)
  3 jellies
  5 hounds
  4 iguanas
  5 orc wizards
  7 gnolls (Bailey)
  5 adders
  3 shadow imps
  A white imp (D:7)
  An ufetubus (D:4)
  2 worms
  2 dart slugs
  25 orcs
  6 ball pythons
  4 endoplasms
  12 hobgoblins
  4 jackals (D:5)
  8 kobolds
  6 quokkas
  3 bats
  2 frilled lizards (D:1)
  16 goblins
  4 rats
170 creatures vanquished.

Vanquished Creatures (others)
  4 plants (D:6)
4 creatures vanquished.

Grand Total: 174 creatures vanquished

Notes
Turn   | Place    | Note
-------+----------+-------------------------------------------
     0 | D:1      | quixfox the Hill Orc Fighter began the quest for the Orb.
     0 | D:1      | Reached XP level 1. HP: 19/19 MP: 1/1
    74 | D:1      | Reached skill level 3 in Axes
   159 | D:1      | Reached XP level 2. HP: 13/27 MP: 2/2
  1176 | D:2      | Reached XP level 3. HP: 24/33 MP: 3/3
  1402 | D:2      | Reached skill level 4 in Axes
  1461 | D:2      | You fall into a shaft and drop 1 floor!
  1479 | D:3      | Reached XP level 4. HP: 39/40 MP: 4/4
  1675 | D:2      | Found a faded altar of an unknown god.
  2106 | D:3      | Found Woplatie's Antique Armour Boutique.
  2114 | D:3      | Bought a helmet for 117 gold pieces
  2255 | D:3      | Reached skill level 5 in Axes
  2364 | D:4      | Reached XP level 5. HP: 40/47 MP: 5/5
  2520 | D:4      | Noticed an ogre
  2525 | D:4      | Killed an ogre
  2526 | D:4      | Reached skill level 5 in Fighting
  2526 | D:4      | Reached skill level 6 in Axes
  2526 | D:4      | Reached XP level 6. HP: 42/56 MP: 6/6
  2883 | D:4      | Reached skill level 7 in Axes
  2917 | D:4      | Reached skill level 5 in Armour
  2929 | D:4      | Reached XP level 7. HP: 61/61 MP: 7/7
  3230 | D:5      | Entered Level 5 of the Dungeon
  3286 | D:5      | Identified the +7 war axe of Caneir {freeze, rC+ Dex+6
                  | SInv}
  3458 | D:5      | Reached skill level 8 in Axes
  3676 | D:5      | Found Asykuog's Jewellery Emporium.
  3690 | D:5      | Reached XP level 8. HP: 58/70 MP: 8/8
  3774 | D:5      | Found a stormy altar of Qazlal.
  4097 | D:6      | Found Otsuoshesk's Distillery.
  4121 | D:6      | Bought a potion of mutation for 96 gold pieces
  4121 | D:6      | Gained mutation: You are clumsy. (Dex -2) [potion of
                  | mutation]
  4121 | D:6      | Gained mutation: You expend magic power (3 MP) to
                  | strengthen your wands. [potion of mutation]
  4121 | D:6      | Gained mutation: You have supernaturally acute eyesight.
                  | (SInv) [potion of mutation]
  4122 | D:6      | Lost mutation: You have supernaturally acute eyesight.
                  | (SInv) [potion of mutation]
  4122 | D:6      | Lost mutation: You expend magic power (3 MP) to strengthen
                  | your wands. [potion of mutation]
  4122 | D:6      | Gained mutation: You have large cloven feet. [potion of
                  | mutation]
  4122 | D:6      | Gained mutation: You are partially covered in large bone
                  | plates. (SH +4) [potion of mutation]
  4122 | D:6      | Gained mutation: Your magical capacity is low. (-10% MP)
                  | [potion of mutation]
  4122 | D:6      | Gained mutation: You are covered in fur. (AC +1) [potion of
                  | mutation]
  4142 | D:6      | Reached skill level 9 in Axes
  5160 | D:7      | Reached skill level 10 in Axes
  5337 | D:7      | Found a staircase to the Ecumenical Temple.
  5360 | Temple   | Entered the Ecumenical Temple
  5360 | Temple   | Found a transporter.
  5360 | Temple   | Found a transporter.
  5362 | Temple   | Found a transporter.
  5362 | Temple   | Found a transporter.
  5394 | Temple   | Became a worshipper of the Shining One
  5437 | D:7      | Noticed Pikel
  5447 | D:7      | Killed Pikel
  5448 | D:7      | Reached skill level 11 in Axes
  5448 | D:7      | Reached XP level 9. HP: 81/81 MP: 8/8
  5713 | D:7      | Reached skill level 1 in Invocations
  6288 | D:8      | Found a flagged portal.
  6311 | D:8      | Reached skill level 12 in Axes
  6372 | Bailey   | Entered a bailey
  6570 | Bailey   | Reached XP level 10. HP: 67/90 MP: 11/11
  6674 | Bailey   | Noticed an orc knight
  6698 | Bailey   | Killed an orc knight
  6709 | Bailey   | Reached skill level 13 in Axes
  7128 | Bailey   | Noticed an orc warlord
  7128 | Bailey   | Noticed an orc knight
  7148 | Bailey   | Killed an orc knight
  7149 | Bailey   | Reached skill level 5 in Invocations
  7155 | Bailey   | HP: 4/91 [orc warlord/+2 broad axe (33)]
  7159 | Bailey   | Demolished by an orc warlord

Illustrated notes

Levels and vault maps discovered:
D:1:      evilmike_arrival_grusome_pit, layout_basic, minmay_tree_intersection,
          minmay_tiny_reverse_x
D:2:      layout_rooms, shapermc_ecumenical_altar_hornbeckon
D:3:      layout_loops_cross, serial_shops, shop
D:4:      layout_loops_ring
D:5:      nicolae_cairo_tiling_large_dashed, layout_basic,
          mainiacjoe_overflow_small_starburst, minmay_shop_enchanted_jewellery
D:6:      layout_basic, serial_shops, nicolae_square_shop, serial_bayou_pond_c,
          chequers_serial_rivers_small_3, kennysheep_generic_room_5
D:7:      layout_basic, minmay_temple_entry_statues_fountains, serial_curves,
          eino_curves_03, eino_curves_04, uniq_pikel
D:8:      layout_rooms, enter_bailey_8, gammafunk_ghost_spectres, serial_shops,
          shop
Temple:   hellmonk_temple_divided_pantheon
Bailey:   bailey_axe_minmay_hex_keep, bailey

Skill      XL: |  1  2  3  4  5  6  7  8  9 10 |
---------------+-------------------------------+-----
Axes           | 3 4 5 6 7 8 11 12 13 | 13.4
Fighting       | 4 5 6 7 8 9 |  9.4
Armour         | 4 5 7 8 |  8.6
Invocations    | 3 5 |  5.2
Shields        | |  3.2

Action                   |  1- 3 |  4- 6 |  7- 9 | 10-12 || total
-------------------------+-------+-------+-------+-------++-------
Melee: War axe           |    86 |   116 |   210 |    46 ||   458
       Kick              |       |       |    31 |    16 ||    47
  Use: Potion            |       |     1 |     2 |     4 ||     7
       Scroll            |       |       |    18 |       ||    18
Armor: Scale mail        |    52 |    15 |       |       ||    67
       Chain mail        |       |    57 |    85 |       ||   142
       Plate armour      |       |       |       |     7 ||     7
Dodge: Dodged            |    28 |    36 |    66 |     6 ||   136
Block: Buckler           |    22 |    34 |    76 |    17 ||   149

Table legend: (Time is in decaauts)
 A = Elapsed time spent in this place.
 B = Non-inter-level travel time spent in this place.
 C = Inter-level travel time spent in this place.
 D = Time resting spent in this place.
 E = Time spent auto-exploring this place.
 F = Levels seen in this place.
 G = Mean time per level.
                   A        B        C        D        E       F      G
               +--------+--------+--------+--------+--------+-----+--------+
         Total |   7236 |   7087 |    149 |   1116 |   4470 |  10 |  723.6 |
       Dungeon |   6408 |   6259 |    149 |    629 |   4469 |   8 |  801.0 |
        Temple |     48 |     48 |      0 |      0 |      1 |   1 |   48.0 |
        Bailey |    779 |    779 |      0 |    487 |      0 |   1 |  779.0 |
               +--------+--------+--------+--------+--------+-----+--------+

Top non-repeatable levels by time:
     D:1: 1189 daAuts
     D:6: 1098 daAuts
     D:7: 976 daAuts
     D:4: 891 daAuts
     D:5: 824 daAuts
  Bailey: 779 daAuts
     D:3: 732 daAuts
     D:2: 488 daAuts
     D:8: 207 daAuts
  Temple: 48 daAuts
